 Dungeon Crawl Stone Soup version 0.28-a0-87-g9a7839dea9 (webtiles) character file.

Game seed: 7723519001624946863

9222 Grim the Fighter (level 11, -9/102 HPs)
             Began as a Minotaur Berserker on Aug 6, 2021.
             Was an Elder of Trog.
             Mangled by a basilisk (10 damage)
             ... on level 10 of the Dungeon.
             The game lasted 00:16:21 (11590 turns).

Grim the Fighter (Minotaur Berserker)              Turns: 11590, Time: 00:16:23

Health: -9/102     AC: 10    Str: 23    XL:     11   Next: 20%
Magic:  10/10      EV: 15    Int:  7    God:    Trog [****..]
Gold:   496        SH:  5    Dex:  9    Spells: 10/10 levels left

rFire   . . .      SeeInvis .   I - +1 double sword
rCold   . . .      Faith    .   (no shield)
rNeg    . . .      Spirit   .   J - +0 steam dragon scales
rPois   .          Reflect  +   (helmet restricted)
rElec   .          Harm     .   q - +2 cloak
rCorr   .          Rampage  .   (no gloves)
Will    +++..                   (no boots)
Stlth   +.........              p - amulet of reflection
HPRegen 1.27/turn               r - ring of willpower
MPRegen 0.12/turn               (no ring)

@: lethally poisoned (-9 -> -11), strong-willed, regenerating
A: horns 2, retaliatory headbutt
a: Renounce Religion, Berserk, Trog's Hand, Brothers in Arms


You were on level 10 of the Dungeon.
You worshipped Trog.
Trog was greatly pleased with you.
You visited 1 branch of the dungeon, and saw 10 of its levels.
You also visited: Sewer.

You collected 496 gold pieces.

Inventory:

Hand Weapons
 a - a +0 falchion
 E - a +0 great sword
 F - a +1 scimitar
 I - a +1 double sword (weapon)
Missiles
 x - 2 boomerangs (quivered)
 D - 2 throwing nets
Armour
 b - a +0 animal skin
 q - a +2 cloak (worn)
 v - a +0 scale mail
 J - +0 steam dragon scales (worn)
Jewellery
 p - an amulet of reflection (around neck)
 r - a ring of willpower (left hand)
Wands
 h - a wand of iceblast (13)
 t - a wand of acid (7)
 z - a wand of mindburst (18)
 A - a wand of charming (11)
 B - a wand of flame (30)
 L - a wand of digging (6)
Scrolls
 c - 3 scrolls of fear
 f - a scroll of summoning {unknown}
 g - 4 scrolls of teleportation
 i - 2 scrolls of fog {unknown}
 k - 2 scrolls of silence {unknown}
 m - a scroll of enchant armour {unknown}
 s - 3 scrolls of amnesia
 u - 2 scrolls of magic mapping {unknown}
 w - a scroll of holy word {unknown}
 y - a scroll of immolation {unknown}
 C - a scroll of enchant weapon
 K - a scroll of acquirement {unknown}
Potions
 d - 2 potions of attraction
 e - 2 potions of curing
 j - a potion of cancellation
 l - a potion of might
 n - a potion of invisibility
 o - a potion of resistance
 G - 2 potions of lignification
 H - a potion of heal wounds


   Skills:
 - Level 11.2 Fighting
 - Level 10.4 Long Blades
 - Level 10.4 Armour
 * Level 10.5 Dodging


You had 10 spell levels left.
You didn't know any spells.
Your spell library was empty.

Dungeon Overview and Level Annotations

Branches:
Dungeon (10/15)            Temple (0/1) D:7             Orc (0/2) D:9
  Sewer (visited)
   Lair: D:8-11

Altars:
Ashenzari
Cheibriados
Dithmenos
Fedhas
Hepliaklqana
Kikubaaqudgha
Qazlal
Vehumet
Wu Jian
Xom
Yredelemnul
Zin
The Shining One

Shops:
D:3 :   D:8 *


Innate Abilities, Weirdness & Mutations

You have a pair of horns on your head.
You reflexively headbutt those who attack you in melee.


Message History

The basilisk bites you but does no damage.
The water moccasin bites you but does no damage.
The wyvern bites you. The basilisk bites you.
* * * LOW HITPOINT WARNING * * *
The water moccasin bites you.
* * * LOW HITPOINT WARNING * * *
The basilisk completely misses you. The wyvern bites you.
The basilisk bites you.
* * * LOW HITPOINT WARNING * * *
The water moccasin bites you but does no damage.
You turn to flesh and can move again.
You feel much better.
You feel very sick. The wyvern bites you!
* * * LOW HITPOINT WARNING * * *
The basilisk misses you.
You riposte.
You closely miss the basilisk. You block the water moccasin's attack.
The wyvern barely misses you. The basilisk gazes at you.
You resist with almost no effort.
Unknown command.
Your skin crawls.
You feel strong-willed.
You feel very sick. The basilisk misses you. You block the wyvern's attack.
The water moccasin bites you.
* * * LOW HITPOINT WARNING * * *
The basilisk bites you!
* * * LOW HITPOINT WARNING * * *
Unknown command.
Unknown command.
As you read the scroll labelled KINECE YSCHIDU, it crumbles to dust.
It is a scroll of enchant weapon.
Your +0 double sword glows red for a moment.
* * * LOW HITPOINT WARNING * * *
You feel very sick. You block the wyvern's attack.
The water moccasin completely misses you.
You furiously retaliate!
You headbutt the water moccasin! The basilisk bites you!
You die...

......................+
#.#.......###..:......#
###.......#...###.....#
#.......#.....#.....#
#.............<#.###
#........#.........#
#.........####.#.#.#
#.......#.# ##...#
#########S# #l@..#
####.###llS.#
#.........†.#
#.###.......# ..
#.......#
###.....♣.....#
#P...........#
#...............
.....)......P....


You could see 2 basilisks, a water moccasin and a wyvern.

Vanquished Creatures
  Harold (D:7)
  3 two-headed ogres
  Pikel (D:8)
  A wizard (D:9)
  Maurice (D:8)
  Maggie (D:8)
  A troll (D:9)
  The ghost of Wizop the Insei, an amateur DjTm (D:4)
  3 yaks (D:9)
  A wraith (D:10)
  2 wyverns
  A water moccasin (D:9)
  6 orc warriors
  2 necrophages (D:6)
  3 wolves
  2 centaurs
  3 ogres
  3 lemures (D:7)
  A kobold brigand (D:8)
  4 bullfrogs
  A water moccasin zombie (D:5)
  16 wights
  2 howler monkeys
  A crimson imp (D:9)
  A centaur zombie (D:9)
  6 hounds
  A centaur skeleton (D:7)
  A jelly (D:4)
  8 orc priests
  4 iguanas
  6 orc wizards
  A killer bee zombie (D:8)
  A hound zombie (D:3)
  A howler monkey zombie (D:5)
  A howler monkey skeleton (D:7)
  6 gnolls
  A river rat (D:3)
  13 adders
  2 white imps
  An ufetubus (D:4)
  2 worms
  2 dart slugs (D:2)
  29 orcs
  8 ball pythons
  2 bats
  3 endoplasms
  4 giant cockroaches
  10 goblins
  8 hobgoblins
  17 jackals
  19 kobolds
  4 quokkas
  7 frilled lizards
  10 rats
240 creatures vanquished.

Vanquished Creatures (others)
  A gnoll sergeant (D:7)
  21 plants
22 creatures vanquished.

Grand Total: 262 creatures vanquished

Notes
Turn   | Place    | Note
-------+----------+-------------------------------------------
     0 | D:1      | Grim the Minotaur Berserker began the quest for the Orb.
     0 | D:1      | Reached XP level 1. HP: 19/19 MP: 0/0
   197 | D:1      | Reached XP level 2. HP: 26/26 MP: 1/1
   234 | D:1      | Found a faded altar of an unknown god.
   642 | D:2      | Reached skill level 5 in Long Blades
   647 | D:2      | Reached XP level 3. HP: 24/31 MP: 2/2
   950 | D:2      | Reached ** piety under Trog
  1512 | D:3      | Found Gekoloc's Book Shop.
  1530 | D:3      | Found a hazy altar of Hepliaklqana.
  1603 | D:3      | Reached XP level 4. HP: 19/39 MP: 3/3
  1725 | D:3      | Found a basalt altar of Yredelemnul.
  1733 | D:3      | Found a shimmering altar of Xom.
  1844 | D:3      | Found a glowing drain.
  1849 | D:3      | Reached XP level 5. HP: 39/45 MP: 4/4
  1849 | D:3      | Reached *** piety under Trog
  1855 | Sewer    | Entered a sewer
  3231 | D:4      | Noticed an ogre
  3240 | D:4      | Killed an ogre
  3241 | D:4      | Reached XP level 6. HP: 23/51 MP: 5/5
  4044 | D:4      | Found an ornate altar of the Wu Jian Council.
  4310 | D:4      | Reached **** piety under Trog
  4427 | D:4      | Found a runed translucent door.
  4471 | D:4      | Noticed Wizop's ghost (amateur DjTm)
  4563 | D:4      | Reached XP level 7. HP: 57/57 MP: 6/6
  4569 | D:4      | Killed Wizop's ghost
  4570 | D:4      | Reached skill level 10 in Long Blades
  4654 | D:5      | Entered Level 5 of the Dungeon
  4746 | D:5      | Reached skill level 4 in Fighting
  4769 | D:5      | Reached skill level 5 in Fighting
  5290 | D:5      | Reached skill level 6 in Fighting
  5290 | D:5      | Reached XP level 8. HP: 58/67 MP: 7/7
  5365 | D:5      | Identified the +8 hunting sling of Death's Door {vorpal,
                  | *Corrode Fly Stlth+}
  5388 | D:5      | Reached skill level 7 in Fighting
  5643 | D:5      | Found a glowing silver altar of Zin.
  5773 | D:5      | Reached skill level 8 in Fighting
  6092 | D:6      | Found a radiant altar of Vehumet.
  6236 | D:6      | Reached skill level 9 in Fighting
  6371 | D:6      | Reached skill level 10 in Fighting
  6761 | D:7      | Reached XP level 9. HP: 56/86 MP: 8/8
  6918 | D:7      | Found a stormy altar of Qazlal.
  6938 | D:7      | Found a blossoming altar of Fedhas.
  6938 | D:7      | Found a glowing golden altar of the Shining One.
  6939 | D:7      | Found a shadowy altar of Dithmenos.
  7322 | D:7      | Reached skill level 11 in Fighting
  7837 | D:7      | Found a staircase to the Ecumenical Temple.
  7843 | D:7      | Noticed Harold
  7857 | D:7      | Killed Harold
  7903 | D:7      | Found an ancient bone altar of Kikubaaqudgha.
  8176 | D:8      | Noticed a two-headed ogre
  8446 | D:7      | Killed a two-headed ogre
  8447 | D:7      | Reached XP level 10. HP: 55/96 MP: 9/9
  8765 | D:8      | Noticed Pikel
  8843 | D:8      | Killed Pikel
  8844 | D:8      | Reached skill level 10 in Armour
  9458 | D:8      | Found a snail-covered altar of Cheibriados.
  9566 | D:8      | Noticed Maggie
  9578 | D:8      | Killed Maggie
  9619 | D:8      | Noticed Maurice
  9636 | D:8      | Killed Maurice
  9637 | D:8      | Reached skill level 5 in Dodging
  9726 | D:8      | Found Okagg's General Store.
  9762 | D:8      | Found a broken altar of Ashenzari.
 10433 | D:9      | Noticed a two-headed ogre
 10438 | D:9      | Killed a two-headed ogre
 10449 | D:9      | Noticed a two-headed ogre
 10552 | D:9      | Killed a two-headed ogre
 10671 | D:9      | Reached XP level 11. HP: 102/102 MP: 10/10
 10910 | D:9      | Found a staircase to the Orcish Mines.
 11000 | D:9      | Noticed a wizard
 11011 | D:9      | Killed a wizard
 11049 | D:10     | Entered Level 10 of the Dungeon
 11131 | D:9      | Reached skill level 10 in Dodging
 11587 | D:10     | HP: 4/102 [basilisk (2)]
 11590 | D:10     | HP: 1/102 [poisoned by a water moccasin]
 11590 | D:10     | Mangled by a basilisk

Illustrated notes

Levels and vault maps discovered:
D:1:      heliophobic_arrival_dark_side_of_the_moon, layout_basic,
          ebering_ecumenical_altar_sacrificial, solitary_fountain
D:2:      layout_loops_ring, grunt_decor_fettered
D:3:      layout_rooms, yredelemnul_altar_generic, lemuel_doored_altar,
          brannock_xom_greatest_gift, portal_sewer_entry_e, serial_shops, shop,
          minmay_misc_feat_doors, kennysheep_generic_room_8
D:4:      minmay_recursive_quarters, layout_basic, general_overflow_altar,
          ebering_ghost_sewer_d, grunt_decor_arrowhead
D:5:      layout_rooms, mainiacjoe_overflow_alcove_4
D:6:      layout_gridville, nicolae_vehumet_radiance, minmay_misc_feat_diagonals
D:7:      layout_basic, mainiacjoe_overflow_concentric_impassable,
          kennysheep_little_box, gammafunk_temple_overflow_forgotten,
          temple_statues, uniq_harold
D:8:      layout_loops_ring, cheibriados_altar_1,
          nicolae_overflow_crystal_walls, serial_shops, shop, minmay_orc_keep,
          uniq_pikel, uniq_maggie, uniq_maurice
D:9:      layout_gridville, orc_0_dummy, lightli_wizard_tower
D:10:     layout_basic, minmay_lair_entry_grove, minivault_16

Skill      XL: |  1  2  3  4  5  6  7  8  9 10 11 |
---------------+----------------------------------+-----
Long Blades    | 4 5 6 8 9 10 | 10.4
Fighting       | 6 10 11 | 11.2
Armour         | 9 10 | 10.4
Dodging        | 9 10 | 10.5

Action                   |  1- 3 |  4- 6 |  7- 9 | 10-12 || total
-------------------------+-------+-------+-------+-------++-------
Melee: Falchion          |    78 |   155 |   228 |    60 ||   521
       Headbutt          |    19 |    14 |    52 |    42 ||   127
       Scimitar          |       |       |       |    52 ||    52
       Double sword      |       |       |       |    67 ||    67
Invok: Berserk           |     1 |     3 |     5 |    11 ||    20
       Trog's Hand       |     1 |     1 |     5 |     5 ||    12
  Use: Potion            |       |       |     2 |     1 ||     3
       Scroll            |       |       |     3 |     8 ||    11
 Stab: Sleeping          |       |       |     1 |       ||     1
       Held in net/web   |       |       |     1 |       ||     1
Armor: Animal skin       |     9 |    21 |    28 |    15 ||    73
       Steam dragon scal |       |       |       |    41 ||    41
       Scale mail        |       |       |       |     6 ||     6
Dodge: Dodged            |    52 |    86 |   121 |   121 ||   380
Block: Other             |       |     8 |    50 |    47 ||   105
       Reflection        |       |       |     4 |     1 ||     5
       Rpst.: Falchion   |    13 |    25 |    33 |     5 ||    76
       Scimitar          |       |       |       |     7 ||     7
       Double sword      |       |       |       |    30 ||    30

Table legend: (Time is in decaauts)
 A = Elapsed time spent in this place.
 B = Non-inter-level travel time spent in this place.
 C = Inter-level travel time spent in this place.
 D = Time resting spent in this place.
 E = Time spent auto-exploring this place.
 F = Levels seen in this place.
 G = Mean time per level.
                   A        B        C        D        E       F      G
               +--------+--------+--------+--------+--------+-----+--------+
         Total |  11851 |  11679 |    172 |   4161 |   5874 |  11 | 1077.4 |
       Dungeon |  10652 |  10480 |    172 |   3688 |   5294 |  10 | 1065.2 |
         Sewer |   1199 |   1199 |      0 |    473 |    579 |   1 | 1199.0 |
               +--------+--------+--------+--------+--------+-----+--------+

Top non-repeatable levels by time:
     D:7: 2066 daAuts
     D:8: 1649 daAuts
     D:4: 1458 daAuts
     D:5: 1310 daAuts
   Sewer: 1199 daAuts
     D:9: 1099 daAuts
     D:2: 859 daAuts
     D:6: 737 daAuts
     D:3: 669 daAuts
     D:1: 641 daAuts
    D:10: 161 daAuts
